 Dungeon Crawl Stone Soup version 0.25.0-37-gb73750e (webtiles) character file.

Game seed: 12693890506031289716

108979 Gadfly the Martial Artist (level 16, -1/135 HPs)
             Began as a White Draconian Transmuter on July 8, 2020.
             Was the Champion of Wu Jian.
             Killed by the air
             ... invoked by a wind drake
              (6 damage)
             ... on level 1 of the Shoals.
             The game lasted 01:05:39 (27825 turns).

Gadfly the Martial Artist (DrTm)                   Turns: 27825, Time: 01:05:39

Health: -1/135     AC: 15    Str: 18    XL:     16   Next: 3%
Magic:  27/32      EV: 32    Int: 15    God:    Wu Jian [******]
Gold:   2450       SH:  0    Dex: 22    Spells: 26/39 levels left

rFire    + . .     SeeInvis .     - Unarmed
rCold    + . .     Gourm    .   (shield currently unavailable)
rNeg     . . .     Faith    .   (armour unavailable)
rPois    +         Spirit   .   A - +2 hat
rElec    +         Reflect  .   r - +2 cloak {Stlth+}
rCorr    .         Harm     .   (gloves currently unavailable)
MR       +....     Rnd*Rage +   h - +0 pair of boots "Fehod" {Dex+6} (curse)
Stlth    ++........             o - amulet of regeneration
HPRegen  0.72/turn              Q - ring "Foeprann" {rElec rPois rF+ Str+4}
MPRegen  0.23/turn              l - ring of Phasing {EV+8}

@: about to teleport, blade hands, marked, slowed, very slow
A: breathe frost, unfitting armour, hooves 1, horns 1, berserk 1, cold
resistance 1, cold-blooded, AC +9
a: Breathe Frost, End Transformation, Wall Jump, Serpent's Lash, Heavenly Storm,
Renounce Religion


You were on level 1 of the Shoals.
You worshipped Wu Jian.
Wu Jian was exalted by your worship.
You were not hungry.
You had blades for hands.
You visited 5 branches of the dungeon, and saw 25 of its levels.
You also visited: Gauntlet and Volcano.

You collected 3783 gold pieces.
You spent 1333 gold pieces at shops.

Inventory:

Hand Weapons
 b - the +6 hand axe "Hoogiupn" {flame, *Noise rF+ SInv Stlth+}
   (You found it on level 5 of the Dungeon)

   It has been specially enchanted to burn those struck by it, causing extra
   injury to most foes and up to half again as much damage against particularly
   susceptible opponents.
   Big, fiery blades are also staple armaments of hydra-hunters.
   It protects you from fire.
   It lets you see invisible.
   It may make noises in combat.
   It makes you more stealthy.
 q - the +12 halberd of Hard Scrabble {flame, +Inv rN++}
   (You took it off a centaur warrior on level 10 of the Dungeon)

   It has been specially enchanted to burn those struck by it, causing extra
   injury to most foes and up to half again as much damage against particularly
   susceptible opponents.
   Big, fiery blades are also staple armaments of hydra-hunters.
   It greatly protects you from negative energy.
   It lets you turn invisible.
Missiles
 a - 493 arrows
 s - 9 throwing nets (quivered)
Armour
 h - the cursed +0 pair of boots "Fehod" (worn) {Dex+6}
   (You found it in a Gauntlet)

   It affects your dexterity (+6).
   It has a curse placed upon it.
 r - a +2 cloak of stealth (worn)
 A - a +2 hat (worn)
 C - a +1 pair of gloves (melded)
 F - a +2 pair of gloves
Jewellery
 l - the ring of Phasing (right scythe-like blade) {EV+8}
   (You took it off a kobold on level 10 of the Dungeon)

   [ring of evasion]

   It affects your evasion (+8).
 n - the ring of Past Mistakes {rC+ MR++ Str-4 Int+4 Stlth+}
   (You found it in a Gauntlet)

   [ring of stealth]

   It affects your strength (-4).
   It affects your intelligence (+4).
   It protects you from cold.
   It affects your resistance to hostile enchantments.
   It makes you more stealthy.
 o - an amulet of regeneration (around neck)
 G - an uncursed ring of protection from fire
 H - a +6 ring of strength
 N - a +6 ring of intelligence
 Q - the ring "Foeprann" (left scythe-like blade) {rElec rPois rF+ Str+4}
   (You bought it in a shop on level 14 of the Dungeon)

   [ring of protection from fire]

   It affects your strength (+4).
   It protects you from fire.
   It insulates you from electricity.
   It protects you from poison.
 U - an uncursed ring of positive energy
Wands
 k - a wand of iceblast (7)
 w - a wand of polymorph (3)
 y - a wand of random effects (80)
 z - a wand of clouds (9)
 B - a wand of digging (8)
 I - a wand of acid (7)
 P - a wand of enslavement (2)
 S - a wand of flame (21)
Scrolls
 d - 3 scrolls of blinking
 e - 6 scrolls of teleportation
 p - 7 scrolls of remove curse
 t - 4 scrolls of amnesia
 v - a scroll of fog
 x - 3 scrolls of magic mapping
 M - a scroll of fear
 O - 2 scrolls of identify
 R - 2 scrolls of enchant armour
 V - a scroll of silence
Potions
 f - 2 potions of brilliance
 g - 3 potions of magic
 i - 3 potions of flight
 j - 2 potions of cancellation
 m - 8 potions of curing
 u - a potion of heal wounds
 D - 3 potions of resistance
 T - a potion of haste
 W - a potion of might
Miscellaneous
 J - a box of beasts
 K - a tin of tremorstones (3/3)
 L - 2 phantom mirrors
Comestibles
 c - 41 rations
 E - a chunk of flesh


   Skills:
 + Level 10.4 Fighting
 * Level 12.2 Dodging
 * Level 13.3 Unarmed Combat
 * Level 12.3 Spellcasting
 * Level 13.2 Transmutations
 + Level 8.9 Evocations


You had 26 spell levels left.
You knew the following spells:

 Your Spells              Type           Power        Failure   Level  Hunger
a - Beastly Appendage     Tmut           #####.       4%          1    None
b - Sticks to Snakes      Tmut           #####...     5%          2    None
c - Spider Form           Tmut/Pois      ####......   19%         3    None
d - Blade Hands           Tmut           #####.....   14%         5    #####..
e - Swiftness             Chrm/Air       #.......     50%         2    None

Your spell library contained the following spells:

 Spells                   Type           Power        Failure   Level  Hunger
 Ice Form                 Ice/Tmut       ####....     32%         4    ###....
 Foxfire                  Conj/Fire      #...         41%         1    None
 Shock                    Conj/Air       #...         41%         1    None
 Ensorcelled Hibernation  Hex/Ice        #.....       50%         2    None
 Conjure Flame            Conj/Fire      #.......     65%         3    None
 Inner Flame              Hex/Fire       #.......     65%         3    None
 Static Discharge         Conj/Air       #.......     65%         3    None
 Airstrike                Air            #.........   91%         4    ###....
 Sticky Flame             Conj/Fire      #.......     91%         4    ###....
 Borgnjor's Vile Clutch   Necr/Erth      #.........   99%         5    #####..
 Fireball                 Conj/Fire      #.........   99%         5    #####..
 Lightning Bolt           Conj/Air       #.........   99%         5    #####..
 Silence                  Hex/Air        #.........   99%         5    #####..
 Darkness                 Hex            #.........   100%        6    ######.
 Shadow Creatures         Summ           N/A          100%        6    ######.


Dungeon Overview and Level Annotations

Branches:
Dungeon (15/15)            Temple (1/1) D:4            Lair (6/6) D:11
 Shoals (1/4) Lair:2        Snake (0/4) Lair:2        Slime (0/5) Lair:6
    Orc (2/2) D:11            Elf (0/3) Orc:2        Vaults (0/5) D:13
 Depths (0/5) D:15        Volcano (visited)         Gauntlet (visited)

Altars:
Ashenzari
Cheibriados
Dithmenos
Elyvilon
Fedhas
Gozag
Hepliaklqana
Makhleb
Nemelex Xobeh
Okawaru
Qazlal
Ru
Sif Muna
Uskayaw
Vehumet
Wu Jian
Xom
Yredelemnul
Zin
The Shining One
Beogh

Shops:
D:4 [   D:5 [   D:8 %   D:14 =   Orc:2 *=**   Shoals:1 }

Annotations:
D:13 2 runed translucent doors, Mallanif's ghost, journeyman GnTm
D:15 2 transporters, Huyp's ghost, adept GrEE


Innate Abilities, Weirdness & Mutations

You can breathe waves of freezing cold.
You can buffet flying creatures when you breathe cold.
Your icy white scales are hard. (AC +9)
You cannot fit into any form of body armour.
Your flesh is cold resistant. (rC+)
You are cold-blooded and may be slowed by cold attacks.
You have large cloven feet.
You have a pair of small horns on your head.
You tend to lose your temper in combat.


Message History

* * * LOW HITPOINT WARNING * * *
The harpy completely misses you. The harpy claws you but does no damage.
The harpy completely misses you. x3; The faun unwields a +0 spear.
The faun wields a +0 hunting sling.
The faun shoots a sling bullet.
The sling bullet hits you.
* * * LOW HITPOINT WARNING * * *
The merfolk completely misses you. The harpy completely misses you. x4
The wind drake completely misses you. The wind drake flaps its wings at you.
The air twists around and strikes you.
* * * LOW HITPOINT WARNING * * *
The snapping turtle bites you from afar!!
* * * LOW HITPOINT WARNING * * *
The merfolk completely misses you. The harpy closely misses you.
The harpy completely misses you. x2
The harpy misses you. The harpy completely misses you. x2
The harpy closely misses you. The harpy completely misses you.
The wind drake flaps its wings at you. The air twists around and strikes you.
You die...

≈≈≈≈ ≈ ≈≈≈≈... ≈≈
≈≈...... ≈≈≈ ≈≈......
≈≈≈≈ ≈≈.....# ..≈≈≈
≈.....####.≈≈≈≈≈
#.≈≈.H@.≈≈≈≈≈≈
#..c.(H≈≈≈≈≈≈≈
##..≈k..≈≈≈≈≈≈≈ ≈...
##..≈tm..≈≈≈≈≈≈≈ ≈≈....
#(.≈≈≈k...≈≈≈≈≈≈ ≈≈≈≈..#
#.≈m≈(....≈≈≈≈≈≈ ≈≈≈.≈.#
#..†≈(##...≈≈≈≈≈
≈≈≈≈..###..(≈.###..≈≈≈≈≈
≈≈≈≈.≈.....≈≈.# ...≈≈≈


You could see a snapping turtle, 2 wind drakes, 2 merfolk, a faun and 2 harpies.

Vanquished Creatures
  A frost giant (Shoals:1)
  A fire giant (D:15)
  2 orc warlords (Orc:2)
  A minotaur (Gauntlet)
  A merfolk impaler (Lair:2)
  A vault guard (D:13)
  9 hydras
  2 catoblepae
  3 death yaks (Lair:6)
  5 centaur warriors
  5 orc high priests
  A tengu warrior (D:10)
  7 two-headed ogres
  Urug (Lair:5)
  A wretched star (Gauntlet)
  4 skeletal warriors (D:14)
  5 unseen horrors
  5 lindwurms
  5 orc knights
  2 deep elf magi
  2 harpies (Shoals:1)
  2 ugly things
  A wolf spider zombie (D:15)
  12 cyclopes
  7 orc sorcerers
  A shining eye (Gauntlet)
  4 manticores
  A faun (Lair:2)
  A toenail golem (Volcano)
  7 elephants (Lair:6)
  2 merfolk sirens
  5 black mambas
  3 molten gargoyles (Volcano)
  A torpor snail (Lair:6)
  3 spiny frogs
  2 gargoyles (D:15)
  3 rime drakes
  4 kobold demonologists
  4 efreet
  An ice devil (Gauntlet)
  3 komodo dragons
  13 trolls
  A hornet (D:10)
  3 merfolk (Shoals:1)
  11 polar bears (Lair:6)
  A wind drake (Shoals:1)
  A raiju (Lair:6)
  13 slime creatures
  6 blink frogs (Lair:6)
  10 dream sheep
  9 hippogriffs
  A snapping turtle (Lair:2)
  33 yaks
  3 wyverns
  A vampire (D:14)
  A wraith (D:12)
  A shadow (D:12)
  2 basilisks
  A human (D:13)
  2 fire elementals (Volcano)
  A steam dragon (D:9)
  5 hungry ghosts
  9 wargs
  11 water moccasins
  12 porcupines
  A floating eye (Gauntlet)
  14 hell hounds (Lair:6)
  3 ice beasts
  4 sky beasts
  16 black bears
  2 phantoms
  A hornet zombie (D:14)
  2 eyes of draining
  39 orc warriors
  A necrophage (D:6)
  28 ogres
  18 wolves
  11 centaurs
  16 crocodiles
  10 big kobolds
  2 earth elementals (Volcano)
  22 bullfrogs
  3 gnoll sergeants (D:5)
  A wyvern zombie (D:7)
  A water moccasin zombie (D:8)
  2 scorpions
  13 killer bees
  2 small abominations (Gauntlet)
  6 wights
  7 howler monkeys
  4 centaur zombies
  7 crimson imps
  A quasit (D:10)
  2 bullfrog zombies
  8 jellies
  9 hounds
  29 orc wizards
  Crazy Yiuf (D:2)
  30 orc priests
  4 bullfrog skeletons
  5 centaur skeletons
  3 gnoll shamans (D:5)
  9 iguanas
  Jessica (D:3)
  Ijyb (D:5)
  Natasha (thrice) (D:2)
  14 worker ants
  A hound skeleton (D:6)
  21 gnolls
  15 adders
  4 shadow imps
  4 white imps (Gauntlet)
  6 oozes
  8 worms
  A dart slug (D:2)
  9 leopard geckos
  149 orcs
  3 ball pythons
  6 bats
  8 giant cockroaches
  7 goblins
  6 hobgoblins
  17 jackals
  7 quokkas
  8 frilled lizards
  34 kobolds
  A leopard gecko skeleton (D:5)
  4 rats
  3 fire vortices (Volcano)
  A plant (Lair:6)
961 creatures vanquished.

Vanquished Creatures (collateral kills)
  A bullfrog (Lair:2)
1 creature vanquished.

Vanquished Creatures (others)
  A hydra (Lair:6)
  3 blink frogs (Lair:6)
  A crocodile (Lair:6)
  2 orc wizards
  2 orcs (D:9)
  A fire vortex (Volcano)
  10 plants
20 creatures vanquished.

Grand Total: 982 creatures vanquished

Notes
Turn   | Place    | Note
-------+----------+-------------------------------------------
     0 | D:1      | Gadfly the Draconian Transmuter began the quest for the
                  | Orb.
     0 | D:1      | Reached XP level 1. HP: 16/16 MP: 3/3
   204 | D:1      | Reached XP level 2. HP: 23/23 MP: 5/5
   704 | D:1      | Reached XP level 3. HP: 28/28 MP: 4/6
   913 | D:2      | Noticed Natasha
   989 | D:2      | Reached XP level 4. HP: 31/36 MP: 7/7
  1013 | D:2      | Learned a level 2 spell: Sticks to Snakes
  1017 | D:2      | Learned a level 3 spell: Spider Form
  1266 | D:2      | Killed Natasha
  1415 | D:2      | Reached XP level 5. HP: 35/41 MP: 9/9
  1722 | D:2      | Found a runed translucent door.
  1723 | D:2      | Noticed Crazy Yiuf
  1763 | D:2      | Found a glowing silver altar of Zin.
  1775 | D:2      | Found a hide-covered altar of Uskayaw.
  1917 | D:2      | Killed Crazy Yiuf
  2236 | D:2      | Noticed Natasha
  2242 | D:2      | Killed Natasha
  2361 | D:2      | Noticed Natasha
  2368 | D:2      | Killed Natasha
  2889 | D:3      | Noticed Jessica
  2901 | D:3      | Killed Jessica
  2901 | D:3      | Reached XP level 6. HP: 43/50 MP: 10/10
  2909 | D:3      | Learned a level 5 spell: Blade Hands
  3276 | D:4      | Found a staircase to the Ecumenical Temple.
  3286 | Temple   | Entered the Ecumenical Temple
  3338 | Temple   | Became a worshipper of the Wu Jian Council
  3855 | D:4      | Found Unkim's Antique Armour Emporium.
  4035 | D:5      | Entered Level 5 of the Dungeon
  4080 | D:5      | Your scales start taking on an icy white colour.
  4080 | D:5      | Reached XP level 7. HP: 52/56 MP: 12/12
  4080 | D:5      | Gained mutation: Your flesh is cold resistant. (rC+) [White
                  | Draconian growth]
  4262 | D:5      | Reached * piety under Wu Jian
  4324 | D:5      | Got a shimmering hand axe
  4325 | D:5      | Identified the +6 hand axe "Hoogiupn" {flame, *Noise rF+
                  | SInv Stlth+} (You found it on level 5 of the Dungeon)
  4818 | D:5      | Reached skill level 5 in Unarmed Combat
  4969 | D:5      | Reached XP level 8. HP: 51/63 MP: 14/14
  5061 | D:5      | Reached skill level 5 in Transmutations
  5183 | D:5      | Noticed Ijyb
  5194 | D:5      | Killed Ijyb
  5194 | D:5      | Reached ** piety under Wu Jian
  5345 | D:5      | Found Baiklelo's Armour Emporium.
  5366 | D:5      | Reached skill level 5 in Spellcasting
  5756 | D:6      | Reached skill level 5 in Dodging
  5794 | D:6      | Reached skill level 1 in Evocations
  6030 | D:6      | Reached XP level 9. HP: 67/69 MP: 8/17
  6582 | D:6      | Reached *** piety under Wu Jian
  6936 | D:7      | Found a shattered altar of Ashenzari.
  7236 | D:7      | Reached skill level 5 in Fighting
  7930 | D:8      | Reached XP level 10. HP: 71/79 MP: 17/19
  8066 | D:8      | Found Daidyiqa's Food Boutique.
  8079 | D:8      | Reached **** piety under Wu Jian
  8556 | D:9      | Found a white marble altar of Elyvilon.
  8561 | D:9      | Found a burning altar of Makhleb.
  8624 | D:9      | Found a stormy altar of Qazlal.
  8808 | D:9      | Noticed a two-headed ogre
  8817 | D:9      | Killed a two-headed ogre
  9145 | D:9      | Found a shadowy altar of Dithmenos.
  9244 | D:9      | Found a shimmering altar of Xom.
  9334 | D:10     | Entered Level 10 of the Dungeon
  9388 | D:10     | Reached ***** piety under Wu Jian
  9394 | D:10     | Killed an unseen horror
  9436 | D:10     | Identified the +12 halberd of Hard Scrabble {flame, +Inv
                  | rN++}
  9436 | D:10     | Noticed a centaur warrior
  9438 | D:10     | Identified the +8 spear of Defilement {vorpal, rF- Str+7
                  | Dex+3}
  9487 | D:10     | Killed a centaur warrior
  9487 | D:10     | Reached XP level 11. HP: 29/87 MP: 17/22
  9582 | D:10     | Noticed a tengu warrior
  9597 | D:10     | Killed a tengu warrior
  9743 | D:10     | Killed an unseen horror
  9761 | D:10     | Noticed a catoblepas
  9786 | D:10     | Killed a catoblepas
  9985 | D:10     | Paralysed by a hornet for 2 turns
 10084 | D:10     | Noticed an orc knight
 10097 | D:10     | Killed an orc knight
 10605 | D:11     | Noticed a cyan ugly thing
 10612 | D:11     | Killed a cyan ugly thing
 10776 | D:11     | Noticed a sun demon
 10909 | D:11     | Learned a level 2 spell: Swiftness
 10985 | D:11     | Found a staircase to the Lair.
 11256 | D:11     | Reached skill level 5 in Evocations
 11349 | D:11     | Found a staircase to the Orcish Mines.
 11733 | D:12     | Reached XP level 12. HP: 45/97 MP: 19/24
 12190 | D:12     | Noticed a centaur warrior
 12196 | D:12     | Killed a centaur warrior
 12317 | D:12     | Noticed a two-headed ogre
 12324 | D:12     | Killed a two-headed ogre
 12324 | D:12     | Reached skill level 10 in Unarmed Combat
 12328 | D:12     | Reached ****** piety under Wu Jian
 12667 | D:12     | Noticed an eight-headed hydra
 12682 | D:12     | Killed an eight-headed hydra
 12682 | D:12     | Reached skill level 10 in Transmutations
 12875 | D:12     | Gained mutation: Your natural rate of healing is unusually
                  | fast. [potion of mutation]
 12875 | D:12     | Gained mutation: You are agile. (Dex +2) [potion of
                  | mutation]
 12875 | D:12     | Gained mutation: You possess an exceptional clarity of
                  | mind. [potion of mutation]
 12951 | D:13     | Noticed a centaur warrior
 12960 | D:13     | Killed a centaur warrior
 13164 | D:13     | Found a large runed translucent door.
 13164 | D:13     | Found a large runed translucent door.
 13167 | D:13     | Noticed Mallanif's ghost (journeyman GnTm)
 13316 | D:13     | Found a gate to the Vaults.
 13316 | D:13     | Noticed a vault guard
 13324 | D:13     | Killed a vault guard
 13833 | D:14     | Noticed a two-headed ogre
 13841 | D:14     | Killed a two-headed ogre
 13952 | D:14     | Reached XP level 13. HP: 107/107 MP: 22/26
 14432 | D:14     | Found the +4 skin of Zhor {Englaciate rC+++ SInv}
 14490 | D:14     | Found Gecsar's Jewellery Shoppe.
 14553 | D:14     | Reached skill level 10 in Spellcasting
 14764 | D:14     | You fall into a shaft and drop 1 floor!
 14764 | D:15     | Entered Level 15 of the Dungeon
 14764 | D:15     | Found a transporter.
 14766 | D:15     | Noticed Huyp's ghost (adept GrEE)
 14797 | D:15     | Reached skill level 10 in Dodging
 14839 | D:15     | Found a transporter.
 15141 | D:15     | Noticed a fire giant
 15156 | D:15     | Killed a fire giant
 15181 | D:15     | Found a staircase to the Depths.
 15331 | D:15     | Found a white marble altar of Elyvilon.
 15456 | D:14     | Bought the ring "Foeprann" {rElec rPois rF+ Str+4} for 928
                  | gold pieces
 15562 | Lair:1   | Entered Level 1 of the Lair of Beasts
 16569 | Lair:1   | Identified a scroll of acquirement
 16569 | Lair:1   | Acquired 1480 gold pieces
 16721 | Lair:2   | Reached XP level 14. HP: 111/116 MP: 22/28
 16998 | Lair:2   | Found a staircase to the Shoals.
 17285 | Lair:2   | Found a staircase to the Snake Pit.
 18469 | Lair:4   | Found a gate leading to a gauntlet.
 18478 | Gauntlet | Entered a Gauntlet
 18478 | Gauntlet | Found a transporter.
 18492 | Gauntlet | Found a transporter.
 18500 | Gauntlet | Found a transporter.
 18502 | Gauntlet | Found a transporter.
 18512 | Gauntlet | Found a transporter.
 18532 | Gauntlet | Found a transporter.
 18539 | Gauntlet | Found a transporter.
 18542 | Gauntlet | Noticed a reaper
 18549 | Gauntlet | Found a transporter.
 18563 | Gauntlet | Found a transporter.
 18578 | Gauntlet | Found a transporter.
 18588 | Gauntlet | Found a transporter.
 18627 | Gauntlet | Found a transporter.
 18641 | Gauntlet | Found a transporter.
 18651 | Gauntlet | Found a transporter.
 18788 | Gauntlet | Got a slimy golden amulet
 18797 | Gauntlet | Identified the amulet "Siwain" {Inacc *Drain MR+ Int+3}
                  | (You found it in a Gauntlet)
 18835 | Gauntlet | Paralysed by a floating eye for 3 turns
 18838 | Gauntlet | Lost mutation: You are agile. (Dex +2) [a shining eye]
 18842 | Gauntlet | Gained mutation: You are clumsy. (Dex -2) [a shining eye]
 18891 | Gauntlet | Lost mutation: You are clumsy. (Dex -2) [potion of
                  | mutation]
 18891 | Gauntlet | Lost mutation: You possess an exceptional clarity of mind.
                  | [potion of mutation]
 18891 | Gauntlet | Lost mutation: Your natural rate of healing is unusually
                  | fast. [potion of mutation]
 18891 | Gauntlet | Gained mutation: Your flesh is heat resistant. (rF+)
                  | [potion of mutation]
 18891 | Gauntlet | Gained mutation: You expend magic power (3 MP) to
                  | strengthen your wands. [potion of mutation]
 18892 | Gauntlet | Lost mutation: You expend magic power (3 MP) to strengthen
                  | your wands. [potion of mutation]
 18892 | Gauntlet | Lost mutation: Your flesh is heat resistant. (rF+) [potion
                  | of mutation]
 18892 | Gauntlet | Gained mutation: You passively map a small area around you.
                  | [potion of mutation]
 18892 | Gauntlet | Gained mutation: You are robust. (+10% HP) [potion of
                  | mutation]
 18937 | Gauntlet | Got a pair of translucent boots
 18951 | Gauntlet | Lost mutation: You are robust. (+10% HP) [potion of
                  | mutation]
 18951 | Gauntlet | Lost mutation: You passively map a small area around you.
                  | [potion of mutation]
 18951 | Gauntlet | Gained mutation: You tend to lose your temper in combat.
                  | [potion of mutation]
 18951 | Gauntlet | Gained mutation: You have large cloven feet. [potion of
                  | mutation]
 19145 | Gauntlet | Got a bound ivory ring
 19148 | Gauntlet | Identified the cursed +0 pair of boots "Fehod" {Dex+6} (You
                  | found it in a Gauntlet)
 19164 | Gauntlet | Identified the ring of Past Mistakes {rC+ MR++ Str-4 Int+4
                  | Stlth+} (You found it in a Gauntlet)
 19233 | Lair:4   | Found a dark tunnel.
 19238 | Volcano  | Entered a volcano
 20462 | Lair:4   | Got a faintly glowing trident
 20761 | Lair:4   | Identified the +3 trident of Punishment {vorpal, Stlth+}
                  | (You found it on level 4 of the Lair of Beasts)
 21278 | Lair:5   | Noticed Urug
 21286 | Lair:5   | Killed Urug
 21678 | Lair:6   | Entered Level 6 of the Lair of Beasts
 21710 | Lair:6   | Found a staircase to the Slime Pits.
 22624 | Lair:6   | Reached XP level 15. HP: 121/126 MP: 25/30
 23275 | Lair:6   | Got a pitted halberd
 23279 | Lair:6   | Identified the cursed +1 halberd of Ecilegah {pain, +Fly
                  | MR+} (You found it on level 6 of the Lair of Beasts)
 23770 | Orc:1    | Entered Level 1 of the Orcish Mines
 24040 | Orc:1    | Gained mutation: You have a pair of small horns on your
                  | head. [a neqoxec]
 24383 | Orc:2    | Entered Level 2 of the Orcish Mines
 24466 | Orc:2    | Found a roughly hewn altar of Beogh.
 24515 | Orc:2    | Reached skill level 10 in Fighting
 24610 | Orc:2    | Noticed an orc warlord
 24611 | Orc:2    | Found Foeritio's Assorted Antiques.
 24629 | Orc:2    | Killed an orc warlord
 24762 | Orc:2    | Bought a pair of runed gloves for 247 gold pieces
 24762 | Orc:2    | Bought a scroll labeled FONLUE KUDOVEG for 33 gold pieces
 24762 | Orc:2    | Bought a fizzy green potion for 29 gold pieces
 25651 | Orc:2    | Found a staircase to the Elven Halls.
 25845 | Orc:2    | Found Idog Jes's Assorted Antiques.
 25889 | Orc:2    | Bought a potion of might for 96 gold pieces
 25952 | Orc:2    | Noticed an orc warlord
 25955 | Orc:2    | Found a roughly hewn altar of Beogh.
 25982 | Orc:2    | Killed an orc warlord
 26370 | Orc:2    | Found Xemot's General Store.
 26641 | Orc:2    | Found Jich's Jewellery Shoppe.
 27004 | Shoals:1 | Entered Level 1 of the Shoals
 27632 | Shoals:1 | Noticed a frost giant
 27660 | Shoals:1 | Killed a frost giant
 27660 | Shoals:1 | Reached XP level 16. HP: 108/135 MP: 28/32
 27759 | Shoals:1 | Found Casarchisch's Gadget Emporium.
 27824 | Shoals:1 | HP: 4/135 [snapping turtle (23)]
 27825 | Shoals:1 | Killed from afar by a wind drake

Illustrated notes

Levels and vault maps discovered:
D:1:      eino_arrival_druids_welcome, layout_basic, serial_bayou_ford_a
D:2:      layout_basic, amethyst_overflow_temple_binary,
          hangedman_abyss_or_decor_stabs, uniq_crazy_yiuf_cottage, uniq_natasha
D:3:      layout_basic, uniq_jessica
D:4:      layout_basic, minmay_temple_entry_statues_pillars, first_ration,
          serial_shops, nicolae_shop_behind_doors
D:5:      layout_cave_pools, serial_gnoll_camp, gnoll_camp_mini_hut,
          gnoll_camp_mini_shop, gnoll_camp_mini_basic, gnoll_camp_medium_02,
          gnoll_camp_medium_01, gnoll_camp_mini_loothouse,
          minmay_stone_trees_medium, dk_vineyard_2, uniq_ijyb
D:6:      layout_loops_cross
D:7:      layout_cave_pools, evilmike_ruin_ashenzari
D:8:      layout_basic, serial_shops, kennysheep_little_box
D:9:      layout_cave_pools, nicolae_overflow_hidden_temple,
          chequers_temple_overflow_statue_of_worship,
          lemuel_coloured_pillars_altar, nicolae_overflow_crystal_walls
D:10:     minmay_the_grid_octo_2x2 [minmay_the_grid_octo_thin_diamonds,
          minmay_the_grid_octo_checkered, minmay_the_grid_octo_horde,
          minmay_the_grid_octo_prize_star], layout_cave_pools
D:11:     layout_irregular_city, lair_entry_dummy, hiddenorc1_lemuel
D:12:     layout_loops_cross
D:13:     layout_loops_ring, david_vaults_5, ebering_ghost_disaster_area,
          grunt_pizzeria
D:14:     layout_irregular_city, serial_shops, shop, minmay_fractal_squares_5
D:15:     grunt_enter_depths_giant_problem, layout_basic,
          gammafunk_ghost_stat_death, elyvilon_altar_1, due_unseen_surprise
Temple:   dshaligram_water_room_temple
Lair:1:   layout_long_grid, nicolae_quartered_pool_super,
          hangedman_lair_generics_rect
Lair:2:   layout_big_grid, minmay_shoals_entry_lonely_mermaid,
          dummy_snake_entry, grunt_megastairs_5
Lair:3:   layout_cave_pods, beast_lair_carwin_6
Lair:4:   layout_long_grid, enter_volcano_1, gauntlet_entry_generic,
          infiniplex_staircase_pool_2
Lair:5:   layout_small_grid, uniq_urug
Lair:6:   hangedman_lair_caniforms_friends, layout_regular_city,
          hangedman_lair_in_review, nicolae_slime_entry_slimehenge,
          minmay_stone_trees_small, chequers_serial_rivers_large_a, st_stairs_6
Shoals:1: layout_shoals, serial_shops, shop, st_cyclops
Orc:1:    layout_caves
Orc:2:    pubby_orc_utopia, serial_shops

Skill      XL: |  1  2  3  4  5  6  7  8  9 10 11 12 13 14 15 |
---------------+----------------------------------------------+-----
Dodging        | 2 3 4 5 6 7 8 9 10 11 12 | 12.2
Fighting       | 2 3 4 5 6 7 8 9 10 | 10.4
Transmutations | 3 4 5 7 8 9 10 11 12 13 | 13.2
Spellcasting   | 3 4 5 6 7 8 9 10 11 12 | 12.3
Unarmed Combat | 4 5 6 7 8 9 10 11 12 13 | 13.3
Evocations     | 1 2 4 5 6 7 8 |  8.9

Action                   |  1- 3 |  4- 6 |  7- 9 | 10-12 | 13-15 | 16-18 || total
-------------------------+-------+-------+-------+-------+-------+-------++-------
Melee: Unarmed           |   107 |    68 |   332 |   674 |  1211 |    24 ||  2416
       Tailslap          |     9 |    19 |    45 |    98 |   214 |     4 ||   389
       Kick              |     4 |     7 |     6 |       |       |       ||    17
       Headbutt          |     9 |     3 |    14 |    21 |    82 |     6 ||   135
       Punch             |       |     1 |     5 |    42 |    98 |     1 ||   147
       Quarterstaff      |       |   160 |    21 |       |       |       ||   181
       Hand axe          |       |       |   128 |       |    14 |       ||   142
 Cast: Beastly Appendage |    13 |     7 |    12 |    16 |       |       ||    48
       Spider Form       |       |     4 |    14 |     6 |     5 |       ||    29
       Blade Hands       |       |       |     6 |    44 |   129 |     4 ||   183
       Sticks to Snakes  |       |       |       |       |     4 |       ||     4
Invok: Lunge             |       |     5 |    29 |    40 |    91 |     1 ||   166
       Whirlwind         |       |       |     6 |    29 |    14 |     2 ||    51
       Serpent's Lash    |       |       |       |       |     1 |       ||     1
 Abil: Breathe Frost     |       |       |     2 |     1 |     2 |       ||     5
       Wall Jump         |       |       |     2 |     2 |       |       ||     4
       End Transformatio |       |       |       |       |     3 |       ||     3
Evoke: Wand              |       |       |       |       |     4 |       ||     4
  Use: Scroll            |     2 |     9 |     8 |     8 |    15 |     1 ||    43
       Potion            |       |       |     1 |     2 |     9 |       ||    12
 Stab: Sleeping          |       |     2 |     2 |     2 |     6 |       ||    12
       Petrified         |       |       |     1 |       |       |       ||     1
       Paralysed         |       |       |     1 |       |       |       ||     1
       Distracted        |       |       |     2 |       |     1 |       ||     3
  Eat: Chunk             |     1 |    11 |    18 |    33 |    67 |     1 ||   131
       Ration            |       |       |       |     1 |     3 |       ||     4
Armor: Skin              |    37 |    64 |   115 |   183 |   156 |    17 ||   572
Dodge: Dodged            |    91 |   142 |   394 |   634 |  1286 |   177 ||  2724
